 Dungeon Crawl Stone Soup version 0.21.1-1-g345015f (webtiles) character file.

44 kae the Insei (level 3, -5/26 HPs)
             Began as a Demonspawn Transmuter on June 14, 2018.
             Slain by Natasha (9 damage)
             ... on level 2 of the Dungeon.
             The game lasted 00:01:02 (1813 turns).

kae the Insei (Demonspawn Transmuter)               Turns: 1813, Time: 00:01:03

Health: -5/26      AC:  4    Str: 15    XL:     3   Next: 39%
Magic:  6/6        EV: 12    Int: 14    God:
Gold:   78         SH:  3    Dex: 14    Spells: 0/6 levels left

rFire    . . .     SeeInvis .     - Unarmed
rCold    . . .     Gourm    .   i - +0 buckler
rNeg     . . .     Faith    .   b - +0 robe
rPois    .         Spirit   .   (no helmet)
rElec    .         Reflect  .   (no cloak)
rCorr    .         Harm     .   (no gloves)
MR       .....                  (no boots)
Stlth    +.........             (no amulet)
HPRegen  0.08/turn              (no ring)
MPRegen  0.10/turn              (no ring)

@: mighty, very slightly contaminated
A: icy blue scales 1, powered by pain 1
a: no special abilities


You were on level 2 of the Dungeon.
You were not hungry.

You visited 1 branch of the dungeon, and saw 2 of its levels.

You collected 78 gold pieces.

Inventory:

Missiles
 a - 25 arrows
Armour
 b - a +0 robe (worn)
 i - a +0 buckler (worn)
Scrolls
 e - a scroll of amnesia {unknown}
 f - 4 scrolls of remove curse {unknown}
 g - 4 scrolls of identify {unknown}
 h - a scroll of magic mapping {unknown}
Potions
 j - a potion of mutation {unknown}
Books
 c - a book of Changes

   Spells                             Type                      Level
   a - Beastly Appendage              Transmutation                1
   b - Sticks to Snakes               Transmutation                2
   c - Spider Form                    Transmutation/Poison         3
   d - Ice Form                       Ice/Transmutation            4
   e - Blade Hands                    Transmutation                5
Comestibles
 d - 4 rations
 k - 3 chunks of flesh


   Skills:
 + Level 1.5 Fighting
 + Level 2.1 Dodging
 + Level 0.1 Shields
 * Level 3.2 Unarmed Combat
 + Level 2.3 Spellcasting
 + Level 2.1 Transmutations


You couldn't memorise any spells.
You knew the following spells:

 Your Spells              Type           Power        Failure   Level  Hunger
a - Beastly Appendage     Tmut           #.....       16%         1    #......
b - Sticks to Snakes      Tmut           #.......     24%         2    ###....
c - Spider Form           Tmut/Pois      #.........   58%         3    ###....


Dungeon Overview and Level Annotations

Branches:
Dungeon (2/15)

Altars:

Annotations:
D:2 Natasha


Innate Abilities, Weirdness & Mutations

You are partially covered in icy blue scales. (AC +2)
You sometimes gain a little power by taking damage.


Message History

Casting: Sticks to Snakes
Confirm with . or Enter, or press ? or * to list all spells.
You create a snake!
You now have 25 arrows.
You block Natasha's attack.
Your talons disappear.
Natasha completely misses you. The crimson imp hits you.
You closely miss Natasha. Natasha claws you!
You focus on the pain.
You feel your power returning.
The crimson imp hits you but does no damage.
You closely miss Natasha.
Your ball python closely misses Natasha.
Your ball python barely misses Natasha.
Natasha claws you!
* * * LOW HITPOINT WARNING * * *
You focus on the pain.
You feel very mighty all of a sudden.
The crimson imp hits you but does no damage.
You closely miss Natasha.
Your ball python closely misses Natasha.
Your ball python grabs Natasha.
Your ball python constricts Natasha.
Natasha claws you!
You die...

#####..........#
#####......#####
.....(.....#
...........#
.......##### . .......#
########.. .....(.#
#####........#
##.###.####.....S5.....#
...#..>.........@h$.....
...#.#.###.............#
.#.#...# #.............#
...##### #.............#
.### #.............. .#
##....####..... ##
#....# ..... #....#
.%... #####


You could see Natasha, a crimson imp and a friendly ball python.

Vanquished Creatures
  An adder (D:2)
  An ooze (D:1)
  A worm (D:2)
  A dart slug (D:2)
  A leopard gecko (D:1)
  3 bats
  3 giant cockroaches
  5 goblins (D:1)
  2 hobgoblins (D:1)
  2 jackals (D:1)
  A quokka (D:2)
  A ball python (D:2)
  A frilled lizard (D:1)
  4 rats
27 creatures vanquished.

Notes
Turn   | Place    | Note
-------+----------+-------------------------------------------
     0 | D:1      | kae the Demonspawn Transmuter began the quest for the Orb.
     0 | D:1      | Reached XP level 1. HP: 15/15 MP: 3/3
   325 | D:1      | Gained mutation: You are partially covered in icy blue scales. (AC +2) [demonic ancestry]
   325 | D:1      | Reached XP level 2. HP: 18/21 MP: 3/5
   372 | D:1      | Reached skill level 3 in Unarmed Combat
  1160 | D:2      | Gained mutation: You sometimes gain a little power by taking damage. [demonic ancestry]
  1160 | D:2      | Reached XP level 3. HP: 8/26 MP: 6/6
  1421 | D:2      | Learned a level 2 spell: Sticks to Snakes
  1425 | D:2      | Learned a level 3 spell: Spider Form
  1802 | D:2      | Noticed Natasha
  1813 | D:2      | Slain by Natasha

Skill      XL: |  1  2 |
---------------+-------+-----
Dodging        | 2 |  2.1
Transmutations | 2 |  2.1
Unarmed Combat | 3 |  3.2
Fighting       | |  1.5
Shields        | |  0.1
Spellcasting   | |  2.3

Action                   || total
-------------------------++-------
Melee: Unarmed           ||   112
       Kick              ||     6
 Cast: Beastly Appendage ||    11
       Sticks to Snakes  ||     5
 Stab: Distracted        ||     1
  Eat: Chunk             ||     3
Armor: Robe              ||    40
Dodge: Dodged            ||    80
Block: Buckler           ||    11
